 Dungeon Crawl Stone Soup version 0.30.1 (webtiles) character file.

Game seed: 3028864125276258456

116 javelincjr the Caller (level 4, -1/32 HPs)
             Began as a Demonspawn Summoner on July 6, 2023.
             Was an Initiate of Sif Muna.
             Slain by Pikel
             ... wielding a +1 whip of flaming
              (7 damage)
             ... on level 4 of the Dungeon on July 7, 2023.
             The game lasted 00:14:56 (2504 turns).

javelincjr the Caller (Demonspawn Summoner)         Turns: 2504, Time: 00:14:57

Health: -1/32      AC:  5    Str:  9    XL:     4   Next: 69%
Magic:  7/7        EV: 11    Int: 18    God:    Sif Muna [......]
Gold:   150        SH:  3    Dex: 13    Spells: 5/8 levels left

rFire   . . .        f - +0 spear
rCold   . . .        k - +0 buckler
rNeg    . . .        a - +0 robe
rPois   .            (no helmet)
rElec   .            (no cloak)
rCorr   .            (no gloves)
SInv    .            (no boots)
Will    .....        (no amulet)
Stlth   ++           (no ring)
HPRegen 0.25/turn    (no ring)
MPRegen 0.10/turn

%: no passive effects
@: no status effects
A: icy blue scales 2, condensation shield
a: Renounce Religion


You were on level 4 of the Dungeon.
You worshipped Sif Muna.
Sif Muna was noncommittal.
You visited 2 branches of the dungeon, and saw 5 of its levels.

You collected 150 gold pieces.

Inventory:

Hand Weapons
 f - a +0 spear (weapon)
Missiles
 l - a throwing net
 p - 4 silver javelins
Armour
 a - a +0 robe (worn)
 k - a +0 buckler (worn)
Scrolls
 c - 2 scrolls of brand weapon {unknown}
 d - 3 scrolls of identify {unknown}
 i - a scroll of enchant armour {unknown}
 j - a scroll of teleportation {unknown}
 o - a scroll of noise {unknown}
 q - a scroll of blinking {unknown}
Potions
 b - a potion of magic
 g - a potion of haste {unknown}
 h - 3 potions of curing {unknown}
 m - a potion of cancellation {unknown}
 n - a potion of attraction {unknown}
 r - a potion of lignification {unknown}


   Skills:
 + Level 1.6 Fighting
 + Level 0.4 Polearms
 + Level 2.4 Dodging
 + Level 2.6 Stealth
 + Level 0.6 Shields
 + Level 2.5 Spellcasting
 + Level 4.4 Summonings


You had 5 spell levels left.
You knew the following spells:

 Your Spells              Type           Power      Damage    Failure   Level
a - Summon Small Mammal   Summ           72%        N/A       4%          1
b - Call Imp              Summ           36%        N/A       7%          2

Your spell library contained the following spells:

 Spells                   Type           Power      Damage    Failure   Level
 Call Canine Familiar     Summ           18%        N/A       13%         3
 Summon Guardian Golem    Hex/Summ       10%        N/A       32%         3
 Hailstorm                Conj/Ice       2%         3d3       63%         3
 Tukima's Dance           Hex            2%         N/A       63%         3
 Summon Lightning Spire   Summ/Air       10%        N/A       71%         4
 Ice Form                 Ice/Tmut       2%         N/A       95%         4
 Passage of Golubria      Tloc           2%         N/A       95%         4
 Yara's Violent Unravell  Hex/Tmut       1%         3d3       100%        5
 Simulacrum               Ice/Necr       1%         N/A       100%        6


Dungeon Overview and Level Annotations

Branches:
Dungeon (4/15)             Temple (1/1) D:4

Altars:
Cheibriados
Dithmenos
Fedhas
Gozag
Kikubaaqudgha
Makhleb
Nemelex Xobeh
Qazlal
Sif Muna
Uskayaw
Vehumet
Wu Jian
Xom

Shops:
D:2 *   D:3 =

Annotations:
D:4 Natasha, Pikel


Innate Abilities, Weirdness & Mutations

You are mostly covered in icy blue scales. (AC +3)
A meltable shield of frost defends you. (SH +0)


Message History

Moving in this stuff is going to be slow.
You enter the shallow water.
Moving in this stuff is going to be slow.
You enter the shallow water.
Moving in this stuff is going to be slow.
You enter the shallow water.
Moving in this stuff is going to be slow.
There is a shimmering blue altar of Sif Muna here.
There is an opulent altar of Gozag here.
You enter the shallow water.
Moving in this stuff is going to be slow.
You enter the shallow water.
Moving in this stuff is going to be slow.
Done exploring.
Done exploring.
You enter the shallow water.
Moving in this stuff is going to be slow.
There is a staircase back to the Dungeon here.
Okay, then.
Unknown command.
You start putting on your armour.
You continue putting on your +0 buckler. x4
You finish putting on your +0 buckler.
There is a staircase back to the Dungeon here.
You drop a +0 short sword.
There is a staircase back to the Dungeon here.
You climb upwards.
Welcome back to the Dungeon!
Level annotation: Natasha, Pikel The lemure barely misses you.
You block the lemure's attack. Natasha closely misses you.
Pikel hits you with a +1 whip of flaming.
Your condensation shield dissipates!
Pikel burns you. The lemure hits you!
There is a staircase to the Ecumenical Temple, spattered with blood here.
Unknown command.
The lemure hits you! The lemure hits you.
* * * LOW HITPOINT WARNING * * *
Natasha barely misses you.
Pikel hits you with a +1 whip of flaming!
You die...

#.....# .. #.....#
..#####.....#####
#................
#.....##...##....
#.....##g..##....
#.......55K......
+####.......5@h......
....##+##.....5...###
#...........##...##....
#...........##...##....
#......................
#.....##..†####.......>
#.....##....# ##.......
#.....##....# ##.....
#......#...#....


You could see Pikel, 4 lemures, Natasha and a goblin.

Vanquished Creatures
  Natasha (D:4)
  2 adders
  2 worms (D:2)
  2 orcs (D:3)
  4 ball pythons
  2 endoplasms
  5 goblins
  5 hobgoblins
  A quokka (D:3)
  A bat (D:3)
  A frilled lizard (D:3)
  3 kobolds
  2 rats (D:1)
31 creatures vanquished.

Vanquished Creatures (collateral kills)
  2 dart slugs
  An orc (D:3)
  2 bats (D:3)
  4 endoplasms
  3 goblins
  5 hobgoblins
  3 ball pythons (D:1)
  3 frilled lizards
  2 kobolds (D:1)
  A rat (D:2)
26 creatures vanquished.

Grand Total: 57 creatures vanquished

Notes
Turn   | Place    | Note
-------+----------+-------------------------------------------
     0 | D:1      | javelincjr the Demonspawn Summoner began the quest for the
                  | Orb.
     0 | D:1      | Reached XP level 1. HP: 13/13 MP: 3/3
   442 | D:1      | Gained mutation: A meltable shield of frost defends you.
                  | (SH +0) [demonic ancestry]
   442 | D:1      | Reached XP level 2. HP: 18/20 MP: 5/5
   445 | D:1      | Learned a level 2 spell: Call Imp
   796 | D:1      | Reached skill level 1 in Fighting
   796 | D:1      | Gained mutation: You are partially covered in icy blue
                  | scales. (AC +2) [demonic ancestry]
   796 | D:1      | Reached XP level 3. HP: 26/26 MP: 4/6
  1152 | D:2      | Found a blossoming altar of Fedhas.
  1187 | D:2      | Found Tesminul's Assorted Antiques.
  1777 | D:3      | Gained mutation: You are mostly covered in icy blue scales.
                  | (AC +3) [demonic ancestry]
  1777 | D:3      | Reached XP level 4. HP: 32/32 MP: 7/7
  2002 | D:3      | Found a blossoming altar of Fedhas.
  2016 | D:3      | Found Kaiku's Jewellery Boutique.
  2029 | D:3      | Found a faded altar of an unknown god.
  2215 | D:4      | Noticed Natasha
  2229 | D:4      | Killed Natasha
  2288 | D:4      | Found a staircase to the Ecumenical Temple.
  2297 | D:4      | Noticed Natasha
  2301 | D:4      | Noticed a lemure
  2301 | D:4      | Noticed a lemure
  2302 | D:4      | Noticed Pikel
  2303 | D:4      | Noticed a lemure
  2303 | D:4      | Noticed a lemure
  2305 | Temple   | Entered the Ecumenical Temple
  2310 | Temple   | Became a worshipper of Sif Muna the Loreminder
  2504 | D:4      | Slain by Pikel

Illustrated notes

Levels and vault maps discovered:
D:1:      minmay_arrival_cross, layout_loops_ring, minmay_tromino_v4_c
D:2:      layout_basic, serial_glass, glass_columns_b, glass_columns_c,
          basic_altar, serial_shops, shop
D:3:      layout_rooms, fedhas_altar_3, hellmonk_ecumenical_altar_arch_garden,
          serial_shops, nicolae_shop_waterfront
D:4:      layout_gridville, marbit_many_paths, minmay_temple_entry_stoned_glass,
          kennysheep_cross_room, uniq_natasha, uniq_pikel
Temple:   nicolae_temple_bog_church

Skill      XL: |  1  2 |
---------------+-------+-----
Stealth        | 2 |  2.6
Dodging        | 2 |  2.4
Fighting       | 1 |  1.6
Polearms       | |  0.4
Shields        | |  0.6
Spellcasting   | |  2.5
Summonings     | |  4.4

Action                     |  1- 3 |  4- 6 || total
---------------------------+-------+-------++-------
  Melee: Unarmed           |    23 |       ||    23
         Spear             |    98 |    31 ||   129
         Short sword       |     2 |       ||     2
         Punch             |     1 |     1 ||     2
   Cast: Summon Small Mamm |    29 |     8 ||    37
         Call Imp          |     9 |     3 ||    12
   Stab: Sleeping          |     3 |       ||     3
         Distracted        |     3 |       ||     3
 Armour: Robe              |    22 |    11 ||    33
  Dodge: Dodged            |    63 |    32 ||    95
  Block: Other             |     6 |     7 ||    13
         Buckler           |       |     1 ||     1
